 Dungeon Crawl Stone Soup version 0.22-a0-480-g991dd4b (webtiles) character file.

5240 epen the Grappler (level 10, -1/71 HPs)
             Began as an Octopode Fighter on June 17, 2018.
             Was a Priest of Cheibriados.
             Slain by Nib's ghost (4 damage)
             ... on level 8 of the Dungeon.
             The game lasted 00:15:14 (9079 turns).

epen the Grappler (Octopode Fighter)                Turns: 9079, Time: 00:15:15

Health: -1/71      AC:  1    Str: 29    XL:     10   Next: 61%
Magic:  16/16      EV: 19    Int: 18    God:    Cheibriados [***...]
Gold:   527        SH:  0    Dex: 23    Spells: 9/9 levels left

rFire    . . .     SeeInvis .     - Unarmed
rCold    + . .     Gourm    .   (no shield)
rNeg     . . .     Faith    .   (helmet restricted)
rPois    .         Spirit   .   (no amulet)
rElec    .         Reflect  .   o - ring of protection from magic
rCorr    .         Harm     .   i - ring of protection from cold
MR       +....                  (no ring)
Stlth    +++.......             (no ring)
HPRegen  0.21/turn              (no ring)
MPRegen  0.15/turn              (no ring)
                                (no ring)
                                (no ring)

@: mighty, very slow
A: almost no armour, stealthy swim, amphibious, 8 rings, constrict 8, camouflage
1, gelatinous body 1
a: Bend Time, Temporal Distortion, Renounce Religion


You were on level 8 of the Dungeon.
You worshipped Cheibriados.
Cheibriados was most pleased with you.
You were not hungry.

You visited 2 branches of the dungeon, and saw 9 of its levels.

You collected 527 gold pieces.

Inventory:

Hand Weapons
 t - a +3 flail of venom
 x - a +4 scimitar of flaming
Armour
 a - a +0 shield
 m - the +7 plate armour "Bueto" {Slay+3, unknown}
   (You took it off a big kobold on level 8 of the Dungeon)

   It affects your accuracy and damage with ranged weapons and melee attacks
   (+3).
Jewellery
 i - a ring of protection from cold (right tentacle)
 o - a ring of protection from magic (left tentacle)
 p - an uncursed ring of fire
 r - an uncursed ring of fire
Wands
 f - a wand of scattershot (2)
 q - a wand of polymorph (23)
 u - a wand of acid (4)
Scrolls
 d - 2 scrolls of remove curse
 e - 4 scrolls of teleportation
 j - 2 scrolls of amnesia
 k - a scroll of blinking
 n - 2 scrolls of magic mapping
 w - a scroll of fear
Potions
 b - a potion of might
 h - 3 potions of flight
 l - 2 potions of cancellation
 s - a potion of brilliance
Comestibles
 c - 28 rations


   Skills:
 + Level 7.2 Fighting
 + Level 7.2 Dodging
 - Level 3.0 Shields
 * Level 9.5 Unarmed Combat
 * Level 8.8 Invocations


You had 9 spell levels left.
You didn't know any spells.
Your spell library contained the following spells:

 Spells                   Type           Power        Failure   Level  Hunger
 Apportation              Tloc           #.....       22%         1    ##.....
 Summon Small Mammal      Summ           #...         22%         1    ##.....
 Animate Skeleton         Necr           N/A          22%         1    ##.....
 Confusing Touch          Hex            #.....       22%         1    ##.....


Dungeon Overview and Level Annotations

Branches:
Dungeon (8/15)             Temple (1/1) D:4            Lair (0/6) D:8

Altars:
Ashenzari
Cheibriados
Dithmenos
Elyvilon
Fedhas
Gozag
Hepliaklqana
Kikubaaqudgha
Nemelex Xobeh
Qazlal
Sif Muna
Trog
Yredelemnul
The Shining One

Annotations:
D:8 Nib's ghost, novice GnIE


Innate Abilities, Weirdness & Mutations

You cannot wear most types of armour.
You are very stealthy in the water. (Stealth+)
You are amphibious.
You can wear up to eight rings at the same time.
You can use your tentacles to constrict eight enemies at once.
Your skin changes colour to match your surroundings (Stealth+).
Your rubbery body absorbs attacks. (AC +1, EV +1)


Message History

Nib's ghost is almost destroyed.
Nib's ghost hits you! Nib's ghost burns you.
You miss Nib's ghost.
Nib's ghost is almost destroyed.
Nib's ghost hits you!
* * * LOW HITPOINT WARNING * * *
Nib's ghost burns you.
* * * LOW HITPOINT WARNING * * *
You closely miss Nib's ghost.
You squeeze Nib's ghost, but do no damage.
Nib's ghost is almost destroyed.
Nib's ghost says very slowly, "There's no hope."
Nib's ghost hits you.
* * * LOW HITPOINT WARNING * * *
Nib's ghost burns you.
* * * LOW HITPOINT WARNING * * *
You feel better. Nib's ghost hits you!
* * * LOW HITPOINT WARNING * * *
Nib's ghost burns you.
You die...

##.........##≈.P≈≈##'#
#........#.##P≈≈≈≈#..#
.........[..#PP≈P.').# ..
.........##)########## .
.........###.......# ##.
.........# #....#### #.. #####
.........####...#### #.# ....#
#....).............######.##....#
(........)......@.........))....#
)...........###.W####..##)##....#
.(...........###..# #.##l# ..l.#
..............###.# ##....#####.#
...<..........###.###....#.......
#..........####.....####[..#####.
##.<......(##.PP..P...###.######
##........#PPPPP......#.........
###......#PPPPPP...........###.


You could see Nib's ghost.

Vanquished Creatures
  A hydra (D:8)
  Erica (D:8)
  Prince Ribbit (D:8)
  2 dream sheep (D:8)
  2 yaks (D:8)
  A human (D:7)
  Menkaure (D:7)
  A hornet zombie (D:7)
  2 sky beasts
  An ice beast (D:7)
  2 orc warriors
  A phantom (D:8)
  2 ogres
  A centaur (D:7)
  4 big kobolds (D:8)
  3 bullfrogs
  3 scorpions
  5 wights (D:6)
  3 howler monkeys
  A crimson imp (D:6)
  2 bullfrog zombies (D:5)
  A quasit (D:7)
  A hound (D:7)
  2 jellies
  3 orc priests
  A bullfrog skeleton (D:6)
  6 orc wizards
  Jessica (D:3)
  2 iguanas
  A hound zombie (D:3)
  A hound skeleton (D:5)
  Robin (D:3)
  A worker ant zombie (D:4)
  4 gnolls (D:7)
  9 adders
  A shadow imp (D:7)
  2 oozes
  2 adder skeletons
  3 dart slugs
  5 worms
  4 leopard geckos
  25 orcs
  2 ball pythons
  7 giant cockroaches
  16 goblins
  9 hobgoblins
  4 jackals (D:7)
  12 kobolds
  A quokka (D:2)
  7 bats
  5 frilled lizards
  2 jackal skeletons
  A jackal zombie (D:7)
  8 rats
190 creatures vanquished.

Vanquished Creatures (others)
  7 plants (D:8)
7 creatures vanquished.

Grand Total: 197 creatures vanquished

Notes
Turn   | Place    | Note
-------+----------+-------------------------------------------
     0 | D:1      | epen the Octopode Fighter began the quest for the Orb.
     0 | D:1      | Reached XP level 1. HP: 16/16 MP: 1/1
   132 | D:1      | Reached XP level 2. HP: 20/21 MP: 2/2
   979 | D:2      | Reached XP level 3. HP: 26/26 MP: 3/3
  1217 | D:2      | Reached skill level 3 in Unarmed Combat
  1221 | D:2      | Found a bloodstained altar of Trog.
  1227 | D:2      | Found a blossoming altar of Fedhas.
  1231 | D:2      | Found an ancient bone altar of Kikubaaqudgha.
  1251 | D:2      | Found an opulent altar of Gozag.
  1253 | D:2      | Found a glowing golden altar of the Shining One.
  1657 | D:2      | namelastname112: ??greasterplayer
  1660 | D:2      | beem: greasterplayer ~ greaterplayer[1/2]: Players who have won every currently available to play race and class. Lifetime membership once you get in!
  1721 | D:3      | Found a sparkling altar of Nemelex Xobeh.
  1722 | D:3      | Reached XP level 4. HP: 29/31 MP: 4/4
  1744 | D:3      | namelastname112: ??greastestplayer
  1744 | D:3      | beem: greastestplayer ~ greatestplayers[1/1]: Players who have won every currently available to play combo. Lifetime membership once you get in!
  2008 | D:3      | Noticed Jessica
  2010 | D:3      | Found a hazy altar of Hepliaklqana.
  2012 | D:3      | Killed Jessica
  2012 | D:3      | Reached XP level 5. HP: 37/37 MP: 5/5
  2339 | D:3      | Reached skill level 4 in Unarmed Combat
  2342 | D:3      | Noticed Robin
  2644 | D:3      | Killed Robin
  2790 | D:4      | Reached XP level 6. HP: 25/43 MP: 6/6
  3091 | D:4      | Found a staircase to the Ecumenical Temple.
  3104 | Temple   | Entered the Ecumenical Temple
  3200 | Temple   | Became a worshipper of Cheibriados the Contemplative
  3611 | D:5      | Entered Level 5 of the Dungeon
  3617 | D:5      | Reached skill level 1 in Invocations
  3791 | D:5      | Reached skill level 5 in Unarmed Combat
  4040 | D:5      | Reached XP level 7. HP: 24/49 MP: 6/8
  4377 | D:5      | Reached * piety under Cheibriados
  5192 | D:6      | Reached skill level 5 in Fighting
  5192 | D:6      | Reached XP level 8. HP: 37/55 MP: 10/10
  5310 | D:6      | Reached skill level 6 in Unarmed Combat
  5681 | D:6      | Reached skill level 5 in Dodging
  5781 | D:6      | Reached ** piety under Cheibriados
  6263 | D:7      | Reached skill level 5 in Invocations
  6325 | D:7      | Found a runed door.
  6327 | D:7      | Found a basalt altar of Yredelemnul.
  6340 | D:7      | Reached skill level 7 in Unarmed Combat
  6380 | D:7      | Reached XP level 9. HP: 17/62 MP: 13/13
  6696 | D:7      | Noticed Menkaure
  6698 | D:7      | Killed Menkaure
  6899 | D:7      | Reached *** piety under Cheibriados
  7127 | D:8      | Noticed Prince Ribbit
  7133 | D:8      | Killed Prince Ribbit
  7435 | D:8      | Reached skill level 8 in Unarmed Combat
  7605 | D:8      | Got a dazzling plate armour
  7731 | D:8      | Found a staircase to the Lair.
  7732 | D:8      | Noticed a komodo dragon
  8000 | D:8      | Reached **** piety under Cheibriados
  8242 | D:8      | Reached XP level 10. HP: 39/69 MP: 15/15
  8326 | D:8      | Noticed Erica
  8342 | D:8      | Killed Erica
  8342 | D:8      | Reached skill level 9 in Unarmed Combat
  8496 | D:8      | Noticed a two-headed hydra
  8504 | D:8      | Killed a one-headed hydra
  9064 | D:8      | Noticed Nib's ghost (novice GnIE)
  9079 | D:8      | HP: 3/71 [Nib's ghost (12)]
  9079 | D:8      | Slain by Nib's ghost

Vault maps used:
D:1:      lemuel_arrival_lava_pool
D:2:      minmay_overflow_temple_star_hex, hangedman_feature_mirror,
          dk_vineyard_1, hangedman_decor_riveting, grunt_ministairs_5,
          kennysheep_generic_room_13
D:3:      nicolae_overflow_hidden_temple, nemelex_xobeh_ov_fountains_minmay,
          minmay_misc_feat_alley, uniq_jessica, uniq_robin
D:4:      minmay_temple_entry_mist, first_ration
D:5:      serial_bayou_lake_a
D:7:      dk_yredelemnul_ordeal, uniq_menkaure
D:8:      nicolae_ru_the_path_less_chosen, david_lair_shrubbed, hangedman_ranch,
          minmay_three_doors, uniq_erica, uniq_grum, uniq_prince_ribbit1
Temple:   nicolae_temple_figure_eight

Skill      XL: |  1  2  3  4  5  6  7  8  9 10 |
---------------+-------------------------------+-----
Unarmed Combat | 3 4 5 7 8 9 |  9.5
Fighting       | 4 5 6 7 |  7.2
Dodging        | 4 5 6 7 |  7.2
Invocations    | 1 3 5 7 8 |  8.8
Shields        | |  3.0

Action                   |  1- 3 |  4- 6 |  7- 9 | 10-12 || total
-------------------------+-------+-------+-------+-------++-------
Melee: Unarmed           |    97 |   113 |   193 |    28 ||   431
       Constrict         |    29 |    32 |    52 |     3 ||   116
       Tentacles         |    15 |    25 |    73 |    13 ||   126
       Punch             |     2 |     2 |    23 |     7 ||    34
       Flail             |       |     8 |    33 |       ||    41
       Scimitar          |       |       |       |     5 ||     5
Invok: Temporal Distorti |       |       |     1 |       ||     1
       Slouch            |       |       |       |     1 ||     1
Evoke: Wand              |       |       |     5 |       ||     5
  Use: Scroll            |       |     7 |     9 |     2 ||    18
       Potion            |       |     1 |     3 |     2 ||     6
 Stab: Sleeping          |    11 |     3 |    10 |       ||    24
       Distracted        |       |     2 |       |       ||     2
  Eat: Chunk             |     2 |     8 |     5 |       ||    15
       Ration            |       |       |     1 |       ||     1
Armor: Skin              |     6 |     7 |    32 |       ||    45
Dodge: Dodged            |    59 |    79 |   127 |    22 ||   287
       Rpst.: Scimitar   |       |       |       |     1 ||     1

Table legend:
 A = Spawn XP
 B = Non-spawn XP
 C = Spawn XP percentage of total XP
 D = Spawn monster count
 E = Non-spawn monster count
 F = Spawn count percentage of total count
 G = Total turns spent on level
                    A         B        C        D         E        F      G
               +---------+---------+-------+---------+---------+-------+---------
         Total |       0 |    7486 |   0.0 |       0 |     190 |   0.0 |  9079
               +---------+---------+-------+---------+---------+-------+---------
           D:1 |       0 |      24 |   0.0 |       0 |      15 |   0.0 |   831
           D:2 |       0 |      57 |   0.0 |       0 |      28 |   0.0 |  1115
           D:3 |       0 |     143 |   0.0 |       0 |      29 |   0.0 |   818
           D:4 |       0 |     247 |   0.0 |       0 |      12 |   0.0 |   733
           D:5 |       0 |     300 |   0.0 |       0 |      19 |   0.0 |  1182
           D:6 |       0 |     952 |   0.0 |       0 |      29 |   0.0 |  1354
           D:7 |       0 |    1324 |   0.0 |       0 |      27 |   0.0 |  1244
           D:8 |       0 |    4439 |   0.0 |       0 |      31 |   0.0 |  1688
               +---------+---------+-------+---------+---------+-------+---------
